 Dungeon Sprint DCSS version 0.29-a0-271-gd4eb659eea (webtiles) character file.

Game seed: 15587139524496842361

1600 boopmooplesden the Cleaver (level 8, -2/89 HPs)
             Began as a Minotaur Berserker on Mar 8, 2022.
             Was an Elder of Trog.
             Slain by a polar bear (5 damage)
             ... in the Dungeon (Sprint II: "The Violet Keep of Menkaure").
             The game lasted 00:02:03 (929 turns).

boopmooplesden the Cleaver (Minotaur Berserker)      Turns: 929, Time: 00:02:04

Health: -2/89      AC: 11    Str: 25    XL:     8   Next: 62%
Magic:  16/16      EV: 14    Int:  8    God:    Trog [****..]
Gold:   158        SH:  0    Dex: 11    Spells: 7/7 levels left

rFire   + . .      SeeInvis .   d - +1 halberd of Turmoil {flame, *Noise +Blink rElec Dex+2}
rCold   . . .      Faith    .   (shield currently unavailable)
rNeg    . . .      Spirit   .   c - +3 ring mail of Foolhardiness {+Inv rF+ MP+9 Int+4}
rPois   .          Reflect  .   (helmet restricted)
rElec   +          Harm     .   (no cloak)
rCorr   .          Rampage  .   (no gloves)
Will    .....      NoTele   +   i - +0 pair of boots
Stlth   +.........              (no amulet)
HPRegen 0.24/turn               (no ring)
MPRegen 0.15/turn               (no ring)

@: on berserk cooldown, slowed, very slow
A: horns 2, retaliatory headbutt
a: Renounce Religion, Evoke Blink, Evoke Invisibility, Berserk, Trog's Hand,
Brothers in Arms


You were in the Dungeon.
You worshipped Trog.
Trog was greatly pleased with you.
You visited 1 branch You collected 729 gold pieces.
You spent 571 gold pieces at shops.

Inventory:

Hand Weapons
 a - a +0 hand axe
 d - the +1 halberd of Turmoil (weapon) {flame, *Noise +Blink rElec Dex+2}
   (You bought it in a shop in the Dungeon)

   It burns those it strikes, dealing additional fire damage.
   Big, fiery blades are also staple armaments of hydra-hunters.
   Dex:       It affects your dexterity (+2).
   rElec:     It insulates you from electricity.
   +Blink:    It lets you blink.
   *Noise:    It may make noises in combat.
Armour
 b - a +0 animal skin
 c - the +3 ring mail of Foolhardiness (worn) {+Inv rF+ MP+9 Int+4}
   (You bought it in a shop in the Dungeon)

   Int:       It affects your intelligence (+4).
   rF:        It protects you from fire.
   MP:        It affects your magic capacity (+9).
   +Inv:      It lets you turn invisible.
 i - a +0 pair of boots (worn)
Jewellery
 j - an amulet of guardian spirit
Scrolls
 h - a scroll of blinking
Potions
 e - a potion of haste
 f - 2 potions of magic
 g - a potion of berserk rage


   Skills:
 + Level 14.0 Fighting
 + Level 14.4(14.5) Axes
 + Level 2.5(9.7) Polearms
 + Level 7.5 Armour
 + Level 8.9 Dodging
 + Level 1.5 Stealth


You had 7 spell levels left.
You didn't know any spells.
Your spell library was empty.

Dungeon Overview and Level Annotations

Branches:
Dungeon (1/1)

Altars:
Cheibriados
Dithmenos
Elyvilon
Fedhas
Gozag
Hepliaklqana
Kikubaaqudgha
Makhleb
Qazlal
Ru
Sif Muna
Trog
Wu Jian
Xom
Yredelemnul
The Shining One
Beogh
Jiyva
Lugonu

Shops:
D =[:(:=([!!![?((

Annotations:
D exclusion: oklob plant, Menkaure


Innate Abilities, Weirdness & Mutations

You have a pair of horns on your head.
You reflexively headbutt those who attack you in melee.


Message History

The polar bear bites you but does no damage.
The polar bear claws you.
* * * LOW HITPOINT WARNING * * *
The polar bear closely misses you. The polar bear barely misses you.
The polar bear claws you.
* * * LOW HITPOINT WARNING * * *
The polar bear closely misses you.
You hit the polar bear but do no damage.
You feel very sick. The polar bear completely misses you.
The polar bear barely misses you. The polar bear completely misses you.
Menkaure calls on the powers of darkness!
Your body is wracked with pain!
* * * LOW HITPOINT WARNING * * *
You closely miss the polar bear.
You feel sick. The polar bear barely misses you. You furiously retaliate!
You headbutt the polar bear!
The polar bear claws you but does no damage. x2
The polar bear bites you but does no damage.
The polar bear misses you. x2
You slash the polar bear! You burn the polar bear. You headbutt the polar bear.
The polar bear is heavily wounded.
You feel sick. The polar bear closely misses you.
The polar bear claws you but does no damage.
The polar bear closely misses you.
You hit the polar bear but do no damage.
The polar bear is heavily wounded.
You feel sick.
Menkaure splashes around in the water.
The polar bear closely misses you. You furiously retaliate!
You headbutt the polar bear. The polar bear barely misses you.
The polar bear closely misses you. Menkaure misses you.
You furiously retaliate!
You headbutt Menkaure, but do no damage.
The polar bear goes berserk!
You slash Menkaure! You burn Menkaure.
Menkaure is severely damaged.
You feel sick.
You are no longer poisoned.
The polar bear bites you.
You die...

## .## #### +.### .. ...#
...# ## #B ###..## #..#
.# +###.##..# +..# .#
.##.#.#..# #^.# .#
<.'###'..####..##h# (
.##.#.#....###..@##▓▓▓▓
'###.##.§.÷.§§≈≈≈M≈≈≈≈≈≈
#.####≈≈§.§§§≈#'########§
#..#≈≈≈§≈§§§.≈#.._.....#
.###≈≈≈≈≈≈§≈§≈#._._....#
+##≈≈≈≈≈≈≈§≈≈≈#_._._...#
≈≈≈≈≈§≈≈§§≈≈≈#._._._..#
#+++#≈≈≈≈§§§≈≈#_._._._.#
≈ ##≈≈≈###§≈#._._._._


You could see a polar bear (berserk) and Menkaure (fast).

Vanquished Creatures
  A merfolk siren (D)
  2 polar bears (D)
  A hornet (D)
  2 wyverns (D)
  A water moccasin (D)
  4 scorpions (D)
  A hell rat (D)
12 creatures vanquished.

Vanquished Creatures (others)
  A water moccasin (D)
1 creature vanquished.

Grand Total: 13 creatures vanquished

Notes
Turn   | Place    | Note
-------+----------+-------------------------------------------
     0 | D        | boopmooplesden the Minotaur Berserker began the quest for
                  | the Orb.
     0 | D        | Reached XP level 1. HP: 19/19 MP: 0/0
     1 | D        | Noticed a boulder beetle
     1 | D        | Noticed a boulder beetle
     4 | D        | Noticed a wyvern
     4 | D        | Noticed a wyvern
    12 | D        | Killed a wyvern
    13 | D        | Reached XP level 2. HP: 20/35 MP: 1/1
    13 | D        | Reached XP level 3. HP: 23/40 MP: 2/2
    13 | D        | Reached XP level 4. HP: 28/48 MP: 3/3
    13 | D        | Reached XP level 5. HP: 30/53 MP: 4/4
    14 | D        | Killed a wyvern
    15 | D        | Reached skill level 10 in Fighting
    15 | D        | Reached skill level 10 in Axes
    15 | D        | Reached skill level 5 in Armour
    15 | D        | Reached skill level 5 in Dodging
    15 | D        | Reached XP level 6. HP: 39/66 MP: 5/5
   209 | D        | Reached ** piety under Trog
   225 | D        | Reached XP level 7. HP: 14/74 MP: 6/6
   470 | D        | Noticed a merfolk siren
   484 | D        | Killed a merfolk siren
   484 | D        | Reached *** piety under Trog
   490 | D        | Found Istipab's Antique Armour Shop.
   490 | D        | Found Fitrod's Magic Scroll Shop.
   490 | D        | Found Zathouh's Distillery.
   490 | D        | Found Som Naoq's Antique Weapon Shop.
   490 | D        | Found Yseptili's Distillery.
   491 | D        | Found Etaucvud's Distillery.
   491 | D        | Found Qovorphel's Antique Armour Shop.
   491 | D        | Found Aricoah's Antique Weapon Boutique.
   492 | D        | Found Cown's Antique Weapon Shop.
   492 | D        | Found Loniluitun's Jewellery Boutique.
   505 | D        | Reached skill level 1 in Stealth
   812 | D        | Found Warchol's Book Boutique.
   812 | D        | Found Gofawyo's Weapon Shop.
   812 | D        | Noticed a death yak
   812 | D        | Noticed an oklob plant
   812 | D        | Noticed a wyvern
   813 | D        | Found Tydeygh's Antique Armour Shop.
   813 | D        | Found Uhocviam's Book Shoppe.
   813 | D        | Found Yqiaf's Jewellery Boutique.
   813 | D        | Noticed a wyvern
   821 | D        | Bought a jade-studded ring mail for 243 gold pieces
   821 | D        | Identified the +3 ring mail of Foolhardiness {+Inv rF+ MP+9
                  | Int+4} (You bought it in a shop in the Dungeon)
   842 | D        | Bought a slimy halberd for 225 gold pieces
   842 | D        | Identified the +1 halberd of Turmoil {flame, *Noise +Blink
                  | rElec Dex+2} (You bought it in a shop in the Dungeon)
   854 | D        | Bought a pair of boots for 103 gold pieces
   876 | D        | Reached XP level 8. HP: 76/86 MP: 7/7
   899 | D        | Found a stormy altar of Qazlal.
   899 | D        | Found an ornate altar of the Wu Jian Council.
   900 | D        | Found a hazy altar of Hepliaklqana.
   900 | D        | Found a sacrificial altar of Ru.
   900 | D        | Found a shimmering altar of Xom.
   900 | D        | Found a glowing golden altar of the Shining One.
   901 | D        | Found a viscous altar of Jiyva.
   901 | D        | Found a shimmering blue altar of Sif Muna.
   901 | D        | Found a basalt altar of Yredelemnul.
   902 | D        | Found a snail-covered altar of Cheibriados.
   902 | D        | Found an ancient bone altar of Kikubaaqudgha.
   902 | D        | Found a bloodstained altar of Trog.
   903 | D        | Found a shadowy altar of Dithmenos.
   903 | D        | Found a corrupted altar of Lugonu.
   904 | D        | Found a white marble altar of Elyvilon.
   904 | D        | Found a burning altar of Makhleb.
   905 | D        | Found a blossoming altar of Fedhas.
   906 | D        | Found an opulent altar of Gozag.
   906 | D        | Noticed a polar bear
   906 | D        | Noticed a polar bear
   906 | D        | Noticed a polar bear
   912 | D        | Killed a polar bear
   912 | D        | Noticed a hornet
   913 | D        | Reached skill level 1 in Polearms
   913 | D        | Noticed a yaktaur
   915 | D        | Noticed Menkaure
   916 | D        | Killed a polar bear
   916 | D        | Reached **** piety under Trog
   923 | D        | Killed a hornet
   928 | D        | HP: 3/89 [poisoned by a hornet]
   929 | D        | Slain by a polar bear

Illustrated notes

Levels and vault maps discovered:
D:        the_violet_keep_of_menkaure [sprint2_stairs_cluster_1,
          sprint2_shoproom, sprint2_temple, sprint2_basic_supplies,
          sprint2_obstacle_6, sprint2_obstacle_4, sprint2_obstacle_2,
          sprint2_obstacle_3, sprint2_obstacle_7, sprint2_timed_cluster_1,
          sprint2_smallroom_cluster_1, sprint2_smallroom_final_cluster_1,
          sprint2_transparent_cluster_1, sprint2_second_timed_cluster_1,
          sprint2_sniper_area_1, sprint2_heavy_combat_area_1,
          sprint2_mutation_trap_area_1, sprint2_forest_area_1,
          sprint2_light_combat_area_1, sprint2_behind_water_1,
          sprint2_near_end_vault_1]

Skill      XL: |  1  2  3  4  5  6  7  8 |
---------------+-------------------------+-----
Fighting       | 8 10 11 13 14 | 14.0
Axes           | 8 10 11 13 14 | 14.4
Armour         | 4 5 6 7 |  7.5
Dodging        | 4 5 6 7 8 |  8.9
Stealth        | 1 |  1.5
Polearms       | 2 |  2.5

Action                   |  1- 3 |  4- 6 |  7- 9 || total
-------------------------+-------+-------+-------++-------
Melee: Hand axe          |     7 |    23 |    21 ||    51
       Headbutt          |     1 |     5 |     6 ||    12
       Halberd           |       |       |    23 ||    23
       Punch             |       |       |     1 ||     1
Invok: Berserk           |     1 |       |     1 ||     2
  Use: Potion            |       |     1 |     1 ||     2
Armor: Animal skin       |     1 |     1 |       ||     2
       Ring mail         |       |       |    12 ||    12
Dodge: Dodged            |     5 |    12 |    32 ||    49

Table legend: (Time is in decaauts)
 A = Elapsed time spent in this place.
 B = Non-inter-level travel time spent in this place.
 C = Inter-level travel time spent in this place.
 D = Time resting spent in this place.
 E = Time spent auto-exploring this place.
 F = Levels seen in this place.
 G = Mean time per level.
                   A        B        C        D        E       F      G
               +--------+--------+--------+--------+--------+-----+--------+
         Total |    934 |    934 |      0 |    727 |      0 |   1 |  934.0 |
       Dungeon |    934 |    934 |      0 |    727 |      0 |   1 |  934.0 |
               +--------+--------+--------+--------+--------+-----+--------+

Top non-repeatable levels by time:
       D: 934 daAuts
